 Dungeon Crawl Stone Soup version 0.21.1-1-g345015f (webtiles) character file.

268 lotte the Magician (level 6, 0/32 HPs)
             Began as a Deep Elf Wizard on July 1, 2018.
             Was an Initiate of Vehumet.
             Slain by GreatBrownShark's ghost (3 damage)
             ... on level 5 of the Dungeon.
             The game lasted 00:22:41 (5181 turns).

lotte the Magician (Deep Elf Wizard)                Turns: 5181, Time: 00:22:41

Health: 0/32       AC:  2    Str:  4    XL:     6   Next: 0%
Magic:  16/18      EV: 13    Int: 25    God:    Vehumet [......]
Gold:   236        SH:  0    Dex: 13    Spells: 10/19 levels left

rFire    . . .     SeeInvis .   g - +0 dagger
rCold    . . .     Gourm    .   (no shield)
rNeg     . . .     Faith    .   a - +0 robe
rPois    .         Spirit   .   b - +0 hat
rElec    .         Reflect  .   (no cloak)
rCorr    .         Harm     .   (no gloves)
MR       .....                  (no boots)
Stlth    ++........             (no amulet)
HPRegen  0.10/turn              (no ring)
MPRegen  0.16/turn              (no ring)

@: slowed, very slow
A: no striking features
a: Renounce Religion


You were on level 5 of the Dungeon.
You worshipped Vehumet.
Vehumet was noncommittal.
You were very hungry.

You visited 2 branches of the dungeon, and saw 6 of its levels.

You collected 236 gold pieces.

Inventory:

Hand Weapons
 g - a +0 dagger (weapon)
Armour
 a - a +0 robe (worn)
 b - a +0 hat (worn)
 j - a cursed -1 leather armour
Wands
 p - a wand of random effects (24)
Scrolls
 e - 2 scrolls of enchant armour {unknown}
 k - a scroll of fear {unknown}
 l - 4 scrolls of teleportation {unknown}
 n - a scroll of enchant weapon {unknown}
 o - 4 scrolls of identify {unknown}
 q - 6 scrolls of remove curse {unknown}
Potions
 f - 2 potions of heal wounds
 h - 6 potions of flight {unknown}
 i - 4 potions of haste {unknown}
 m - 4 potions of curing {unknown}
 r - a potion of mutation {unknown}
 s - a potion of lignification {unknown}
 t - a potion of degeneration {unknown}
Books
 c - a book of Minor Magic

   Spells                             Type                      Level
   a - Magic Dart                     Conjuration                  1
   b - Blink                          Translocation                2
   c - Call Imp                       Summoning                    2
   d - Slow                           Hexes                        2
   e - Conjure Flame                  Conjuration/Fire             3
   f - Mephitic Cloud                 Conjuration/Poison/Air       3
Comestibles
 d - 8 rations


   Skills:
 - Level 2.5 Dodging
 - Level 2.4 Stealth
 + Level 7.3 Spellcasting
 * Level 3.0 Conjurations
 + Level 3.2 Summonings
   Level 1.1 Translocations


You had 10 spell levels left.
You knew the following spells:

 Your Spells              Type           Power        Failure   Level  Hunger
a - Magic Dart            Conj           ###.         1%          1    None
b - Call Imp              Summ           ####....     2%          2    None
c - Mephitic Cloud        Conj/Pois/Air  ##......     13%         3    None
d - Conjure Flame         Conj/Fire      ###.....     11%         3    None


Dungeon Overview and Level Annotations

Branches:
Dungeon (5/15)             Temple (1/1) D:4

Altars:
Ashenzari
Cheibriados
Dithmenos
Elyvilon
Fedhas
Hepliaklqana
Kikubaaqudgha
Makhleb
Nemelex Xobeh
Ru
Trog
Vehumet
Wu Jian
Xom
Yredelemnul
Zin
The Shining One

Annotations:
D:5 GreatBrownShark's ghost, amateur HOFi


Message History

GreatBrownShark's ghost hits your crimson imp!!
Your crimson imp dies!
An ice beast comes into view.
Something hits your white imp!
Your white imp dies!
The orc wizard gestures at you while chanting.
You feel yourself slow down.
The orc wizard mumbles some strange words.
The orc wizard blinks!
GreatBrownShark's ghost hits your iron imp!
Your iron imp dies!
The ice beast barely misses you.
The orc wizard hits you with a dagger of protection.
The ice beast hits you. The ice beast freezes you!
The orc wizard hits you but does no damage.
The orc wizard casts a spell at you. The magic dart hits you!
* * * LOW HITPOINT WARNING * * *
GreatBrownShark's ghost hits you.
You die...

####.####.#
#.........####
#.##.........#
#.#...#.####.##
#.#.###..............
#...........#..###(##
###.###....##..###.#
#...oW.......#
#...Y@<.######
#########


You could see an ice beast, an orc wizard and GreatBrownShark's ghost.

Vanquished Creatures
  A dart slug (D:3)
  2 leopard geckos
  An orc (D:4)
  7 bats
  5 giant cockroaches
  7 goblins
  5 hobgoblins
  3 frilled lizards
  12 kobolds
  5 rats
48 creatures vanquished.

Vanquished Creatures (collateral kills)
  An ogre (D:3)
  A big kobold (D:4)
  An orc wizard (D:5)
  A bullfrog skeleton (D:4)
  Natasha (thrice) (D:4)
  A worker ant (D:4)
  3 gnolls (D:2)
  2 adders
  3 worms (D:2)
  A leopard gecko (D:5)
  10 orcs
  2 gnoll zombies (D:3)
  A bat (D:3)
  A kobold (D:3)
  A leopard gecko skeleton (D:4)
32 creatures vanquished.

Vanquished Creatures (others)
  A giant cockroach (D:4)
1 creature vanquished.

Grand Total: 81 creatures vanquished

Notes
Turn   | Place    | Note
-------+----------+-------------------------------------------
     0 | D:1      | lotte the Deep Elf Wizard began the quest for the Orb.
     0 | D:1      | Reached XP level 1. HP: 10/10 MP: 7/7
   124 | D:1      | Reached skill level 5 in Spellcasting
   124 | D:1      | Reached XP level 2. HP: 15/15 MP: 1/10
   459 | D:1      | Learned a level 2 spell: Call Imp
   787 | D:2      | Found a sparkling altar of Nemelex Xobeh.
   790 | D:2      | Found a hazy altar of Hepliaklqana.
   791 | D:2      | Found a sacrificial altar of Ru.
   932 | D:2      | Reached XP level 3. HP: 18/19 MP: 2/12
  2031 | D:3      | Reached skill level 6 in Spellcasting
  2198 | D:3      | Reached XP level 4. HP: 24/24 MP: 12/14
  2759 | D:3      | Found a basalt altar of Yredelemnul.
  2937 | D:3      | Noticed an ogre
  2952 | D:3      | Killed an ogre
  3344 | D:4      | Reached XP level 5. HP: 7/28 MP: 12/16
  3582 | D:4      | Learned a level 3 spell: Mephitic Cloud
  3593 | D:4      | Learned a level 3 spell: Conjure Flame
  3695 | D:4      | Found a white marble altar of Elyvilon.
  3792 | D:4      | Found a staircase to the Ecumenical Temple.
  3801 | Temple   | Entered the Ecumenical Temple
  3956 | D:4      | Noticed Natasha
  3961 | D:4      | Killed Natasha
  3974 | D:4      | Noticed Natasha
  3992 | D:4      | Killed Natasha
  4037 | D:4      | Found a radiant altar of Vehumet.
  4042 | D:4      | Became a worshipper of Vehumet
  4102 | D:4      | Found a shattered altar of Ashenzari.
  4387 | D:4      | Noticed Natasha
  4434 | D:4      | Killed Natasha
  4678 | D:4      | Reached skill level 7 in Spellcasting
  5067 | D:5      | Entered Level 5 of the Dungeon
  5163 | D:5      | Reached XP level 6. HP: 32/32 MP: 14/18
  5171 | D:5      | Noticed GreatBrownShark's ghost (amateur HOFi)
  5173 | D:5      | Noticed an ice beast
  5181 | D:5      | Slain by GreatBrownShark's ghost

Skill      XL: |  1  2  3  4  5 |
---------------+----------------+-----
Spellcasting   | 5 6 7 |  7.3
Conjurations   | 2 3 |  3.0
Summonings     | 2 3 |  3.2
Dodging        | |  2.5
Stealth        | |  2.4
Translocations | |  1.1

Action                   |  1- 3 |  4- 6 || total
-------------------------+-------+-------++-------
 Cast: Magic Dart        |    63 |    37 ||   100
       Call Imp          |    26 |    46 ||    72
       Conjure Flame     |       |     4 ||     4
  Eat: Chunk             |     4 |     4 ||     8
       Ration            |       |     1 ||     1
Armor: Robe              |     4 |     3 ||     7
Dodge: Dodged            |    18 |    16 ||    34
